 Dungeon Crawl Stone Soup version 0.13.0-18-g7b03ea5 (webtiles) character file.

187 Ragg the Grave Robber (level 3, -3/24 HPs)
             Began as a Mummy Necromancer on Oct 23, 2013.
             Slain by Grinder (9 damage)
             ... on Level 4 of the Dungeon.
             The game lasted 00:09:15 (1444 turns).

Ragg the Grave Robber (Mummy Necromancer)           Turns: 1444, Time: 00:09:15

HP  -3/24        AC  5     Str 11      XL: 3   Next: 73%
MP   6/6         EV 12     Int 15      God:
Gold 130         SH  0     Dex 12      Spells:  3 memorised,  2 levels left

Res.Fire  : x . .   See Invis. : .   (no weapon)
Res.Cold  : + . .   Warding    : .   a - +0 robe
Life Prot.: + + +   Conserve   : .   (no shield)
Res.Poison: +       Res.Corr.  : .   (no helmet)
Res.Elec. : .       Clarity    : .   (no cloak)
Sust.Abil.: . .     Spirit.Shd : .   (no gloves)
Res.Mut.  : .       Stasis     : .   (no boots)
Res.Rott. : +       Flight     : .   (no amulet)
Saprovore : . . .                    (no ring)
                                     f - +3 ring of protection

@: slightly resistant to hostile enchantments, unstealthy
A: no food or potions, fire vulnerability, restore body, cold resistance 1, life
protection 3, poison resistance, torment resistance, unbreathing
a: no special abilities


You were on level 4 of the Dungeon.
You were not hungry.

You visited 1 branch of the dungeon, and saw 4 of its levels.

You collected 110 gold pieces.

Inventory:

Armour
 a - a +0 robe (worn)
Scrolls
 c - 2 scrolls of teleportation {unknown}
 d - 2 scrolls of remove curse {unknown}
 e - 6 scrolls of identify {unknown}
 g - a scroll of amnesia {unknown}
 h - a scroll of recharging {unknown}
 i - a scroll of curse armour {unknown}
Jewellery
 f - a +3 ring of protection (left hand)
Books
 b - a book of Necromancy

   Spells                             Type                      Level
   *Pain                              Necromancy                   1
   *Animate Skeleton                  Necromancy                   1
   *Lethal Infusion                   Charms/Necromancy            2
   Vampiric Draining                  Necromancy                   3
   Regeneration                       Charms/Necromancy            3
   Animate Dead                       Necromancy                   4
   Control Undead                     Necromancy                   4


   Skills:
 - Level 1.5 Dodging
 - Level 1.5 Stealth
 + Level 2.4 Spellcasting
 + Level 4.7 Necromancy


You had 2 spell levels left.
You knew the following spells:

 Your Spells              Type           Power        Failure   Level  Hunger
a - Pain                  Necr           ###.         3%          1    N/A
b - Animate Skeleton      Necr           N/A          3%          1    N/A
c - Lethal Infusion       Chrm/Necr      #.........   14%         2    N/A

Dungeon Overview and Level Annotations

Branches:
Dungeon (4/27)
 Temple: D:4-7

Altars:
Fedhas

Annotations:
D:4 Grinder


Innate Abilities, Weirdness & Mutations

You do not eat or drink.
Your flesh is vulnerable to fire.
Your flesh is cold resistant.
You are immune to negative energy.
Your system is resistant to poisons.
You are immune to unholy pain and torment.
You can survive without breathing.


Message History

There is a stone staircase leading down here.
Grinder barely misses you.
You climb downwards.
Found 15 gold pieces.
There is a stone staircase leading up here.
Grinder gestures at you.
You suddenly lose the ability to move!
Grinder hits you but does no damage.
Grinder zaps a wand.
You can move again.
Grinder gestures at you.
You are unaffected.
Grinder gestures at you. You resist.
You see here 15 gold pieces.
Found a blossoming altar of Fedhas.
You completely miss Grinder.
Grinder is moderately wounded.
Grinder hits you!
You die...

≈.. ≈≈≈.####
≈≈≈≈....# PP≈≈≈≈...#
. _PP≈≈≈≈...# ..
.♣P≈≈≈≈...#######.#..
♣P≈≈≈≈...#..........#
≈≈≈≈≈≈≈.......<..#
≈≈≈≈≈≈...@5......#
≈≈≈≈≈..###.......#
≈≈... ######### ...#
##


You could see Grinder.

Vanquished Creatures
  A worm (D:2)
  A giant gecko (D:1)
  A ball python (D:2)
  3 giant cockroaches
  6 goblins
  7 hobgoblins
  A jackal (D:1)
  8 kobolds
  A quokka (D:2)
  6 bats
  4 giant newts
  2 rats
41 creatures vanquished.

Vanquished Creatures (collateral kills)
  A giant gecko (D:1)
  A hobgoblin (D:1)
  A jackal (D:1)
  A bat (D:2)
  2 giant newts (D:2)
  2 goblins
  A rat (D:2)
9 creatures vanquished.

Vanquished Creatures (others)
  A ball python skeleton (D:2)
  2 giant newt skeletons (D:2)
  2 hobgoblin skeletons (D:1)
  A jackal skeleton (D:1)
  2 kobold skeletons
  A rat skeleton (D:1)
9 creatures vanquished.

Grand Total: 59 creatures vanquished

Notes
Turn   | Place    | Note
--------------------------------------------------------------
     0 | D:1      | Ragg, the Mummy Necromancer, began the quest for the Orb.
     0 | D:1      | Reached XP level 1. HP: 13/13 MP: 3/3
    29 | D:1      | Learned a level 1 spell: Animate Skeleton
   214 | D:1      | Reached XP level 2. HP: 19/19 MP: 1/4
   747 | D:1      | Learned a level 2 spell: Lethal Infusion
   859 | D:2      | Reached XP level 3. HP: 24/24 MP: 2/6
  1408 | D:3      | Noticed Grinder
  1435 | D:4      | Paralysed by Grinder for 3 turns
  1442 | D:4      | Found a blossoming altar of Fedhas.
  1444 | D:4      | Slain by Grinder

Action                   || total
-------------------------++-------
Melee: Unarmed           ||    97
 Cast: Pain              ||    60
       Animate Skeleton  ||    19
 Stab: Distracted        ||     2
